 Dungeon Crawl Stone Soup version 0.19-a0-1111-gcceb26a (webtiles) character file.

13 Dargon the Scratcher (level 2, -1/12 HPs)
             Began as a Felid Transmuter on Aug 10, 2016.
             Slain by a jackal (2 damage)
             ... on level 1 of the Dungeon.
             The game lasted 00:01:28 (425 turns).

Dargon the Scratcher (Felid Transmuter)              Turns: 425, Time: 00:01:29

Health: -1/12      AC:  1    Str:  6    XL:     2   Next: 24%
Magic:  6/6        EV: 18    Int: 14    God:
Gold:   22         SH:  0    Dex: 16    Spells: 1 memorised, 4 levels left
                                        Lives:  0   Deaths: 0

rFire  . . .     SeeInvis +       - Unarmed
rCold  . . .     Gourm    .     (armour unavailable)
rNeg   . . .     Faith    .     (shield unavailable)
rPois  .         Spirit   .     (helmet unavailable)
rElec  .         Dismiss  .     (cloak unavailable)
rCorr  .         Reflect  .     (gloves unavailable)
SustAt .         Harm     .     (boots unavailable)
MR     .....                    (no amulet)
Stlth  ++........               (no ring)
                                (no ring)

@: quick
A: no armour, no weapons or thrown items, claws 1, fangs 3, see invisible,
carnivore 3, speed 1, shaggy fur 1, slow metabolism 1, sharp paws
a: no special abilities


You were on level 1 of the Dungeon.
You were full.

You visited 1 branch of the dungeon, and saw 1 of its levels.

You collected 22 gold pieces.

Inventory:

Missiles
 a - 12 arrows
Scrolls
 d - a scroll of blinking {unknown}
 e - a scroll of magic mapping {unknown}
 g - 3 scrolls of identify {unknown}
Potions
 f - a potion of mutation {unknown}
Books
 b - a book of Changes

   Spells                             Type                      Level
   a - Beastly Appendage              Transmutation                1
   b - Sticks to Snakes               Transmutation                2
   c - Spider Form                    Transmutation/Poison         3
   d - Ice Form                       Ice/Transmutation            4
   e - Blade Hands                    Transmutation                5
Comestibles
 c - a meat ration


   Skills:
 + Level 1.3 Fighting
 + Level 3.0 Dodging
 + Level 0.4 Stealth
 * Level 3.4 Unarmed Combat
 - Level 2.0 Spellcasting
 - Level 2.1 Transmutations


You had 4 spell levels left.
You knew the following spells:

 Your Spells              Type           Power        Failure   Level  Hunger
a - Beastly Appendage     Tmut           #.....       12%         1    ##.....


Dungeon Overview and Level Annotations

Branches:
Dungeon (1/15)

Altars:


Innate Abilities, Weirdness & Mutations

You cannot wear armour.
You are incapable of wielding weapons or throwing items.
You have sharp claws.
You have razor-sharp teeth.
You have supernaturally acute eyesight. (SInv)
You are carnivorous and can eat meat at any time.
You cover ground quickly.
You are covered in fur. (AC +1)
You have a slow metabolism.
Your sharp claws are effective at attacking unaware monsters.


Message History

* * * LOW HITPOINT WARNING * * *
The jackal completely misses you.
You are too injured to fight recklessly!
The jackal completely misses you.
Things that are here:
24 bolts; a bat corpse The jackal completely misses you.
Found a purple potion.
Something unseen opens the large door.
The jackal misses you. The jackal closely misses you.
As you open the door, it creaks loudly!
The jackal bites you but does no damage.
The jackal closely misses you. The jackal bites you.
* * * LOW HITPOINT WARNING * * *
There is an open door here.
You claw the jackal!
You kill the jackal!
The jackal bites you.
You die...

r....................#......#
..................#..###..###
.................†##.#....#
###....(..........##......#
###....r........###.....#
#.............+.......#
#.............####....####
#......###†####..........#
........!.# #.h@...^........#
......#############..........#
......# ##P#P♣....'..........#
......# ♣.#P♣..≈≈≈#..........#
...... #♣<....8≈##..........#
..... ♣.#P♣.[≈≈≈#####+#..###
##P#P♣....+........##
##########........>###
#..............#


You could see a jackal and a rat.

Vanquished Creatures
  4 bats (D:1)
  A giant cockroach (D:1)
  A goblin (D:1)
  A hobgoblin (D:1)
  2 jackals (D:1)
  A ball python (D:1)
  2 rats (D:1)
12 creatures vanquished.

Notes
Turn   | Place    | Note
-------+----------+-------------------------------------------
     0 | D:1      | Dargon the Felid Transmuter began the quest for the Orb.
     0 | D:1      | Reached XP level 1. HP: 9/9 MP: 4/4
   285 | D:1      | Reached XP level 2. HP: 11/12 MP: 6/6
   425 | D:1      | Slain by a jackal

Vault maps used:
D:1:      tarquinn_simple_flora_water_d, serial_park_tiny_2

Skill      XL: |  1 |
---------------+----+-----
Dodging        | 3 |  3.0
Fighting       | |  1.3
Stealth        | |  0.4
Unarmed Combat | |  3.4
Spellcasting   | |  2.0
Transmutations | |  2.1

Action                   || total
-------------------------++-------
Melee: Unarmed           ||    36
       Bite              ||     1
 Stab: Sleeping          ||     1
  Eat: Chunk             ||     2
Armor: Skin              ||     8
Dodge: Dodged            ||    54
